Workbook

Sheet GK01收入支出决算表
A1: 收入支出决算表
F2: 公开01表
A3: 部门：中国人民政治协商会议云南省新平彝族傣族自治县委员会 | F3: 金额单位：元
A4: 收入 | D4: 支出
A5: 项目 | B5: 行次 | C5: 金额 | D5: 项目(按功能分类) | E5: 行次 | F5: 金额
A6: 栏次 | C6: 1 | D6: 栏次 | F6: 2
A7: 一、一般公共预算财政拨款收入 | B7: 1 | C7: 7703091 | D7: 一、一般公共服务支出 | E7: 31 | F7: 5485718.3
A8: 二、政府性基金预算财政拨款收入 | B8: 2 | C8: 0 | D8: 二、外交支出 | E8: 32 | F8: 0
A9: 三、国有资本经营预算财政拨款收入 | B9: 3 | C9: 0 | D9: 三、国防支出 | E9: 33 | F9: 0
A10: 四、上级补助收入 | B10: 4 | C10: 0 | D10: 四、公共安全支出 | E10: 34 | F10: 0
A11: 五、事业收入 | B11: 5 | C11: 0 | D11: 五、教育支出 | E11: 35 | F11: 0
A12: 六、经营收入 | B12: 6 | C12: 0 | D12: 六、科学技术支出 | E12: 36 | F12: 0
A13: 七、附属单位上缴收入 | B13: 7 | C13: 0 | D13: 七、文化旅游体育与传媒支出 | E13: 37 | F13: 0
A14: 八、其他收入 | B14: 8 | C14: 0 | D14: 八、社会保障和就业支出 | E14: 38 | F14: 1217773.6
B15: 9 | D15: 九、卫生健康支出 | E15: 39 | F15: 505467.16
B16: 10 | D16: 十、节能环保支出 | E16: 40 | F16: 0
B17: 11 | D17: 十一、城乡社区支出 | E17: 41 | F17: 0
B18: 12 | D18: 十二、农林水支出 | E18: 42 | F18: 0
B19: 13 | D19: 十三、交通运输支出 | E19: 43 | F19: 0
B20: 14 | D20: 十四、资源勘探工业信息等支出 | E20: 44 | F20: 0
B21: 15 | D21: 十五、商业服务业等支出 | E21: 45 | F21: 0
B22: 16 | D22: 十六、金融支出 | E22: 46 | F22: 0
B23: 17 | D23: 十七、援助其他地区支出 | E23: 47 | F23: 0
B24: 18 | D24: 十八、自然资源海洋气象等支出 | E24: 48 | F24: 0
B25: 19 | D25: 十九、住房保障支出 | E25: 49 | F25: 494132
B26: 20 | D26: 二十、粮油物资储备支出 | E26: 50 | F26: 0
... B32: 26 | D32: 二十六、抗疫特别国债安排的支出 | E32: 56 | F32: 0
A33: 本年收入合计 | B33: 27 | C33: 7703091 | D33: 本年支出合计 | E33: 57 | F33: 7703091
A34: 使用专用结余 | B34: 28 | C34: 0 | D34: 结余分配 | E34: 58 | F34: 0
A35: 年初结转和结余 | B35: 29 | C35: 0 | D35: 年末结转和结余 | E35: 59 | F35: 0
A36: 总计 | B36: 30 | C36: 7703091 | D36: 总计 | E36: 60 | F36: 7703091
A37: 注：1.本表反映本年度的总收支和年初、年末结转结余情况。

Sheet GK02收入决算表
G1: 收入决算表
L2: 公开02表
A3: =GK01收入支出决算表!A3 -> 部门：中国人民政治协商会议云南省新平彝族傣族自治县委员会 | L3: 金额单位：元
A4: 项目 | E4: 本年收入合计 | F4: 财政拨款收入 | G4: 上级补助收入 | H4: 事业收入 | J4: 经营收入 | K4: 附属单位上缴收入 | L4: 其他收入
A5: 支出功能分类科目编码 | D5: 科目名称 | H5: 小计 | I5: 其中：教育收费 | L5: 小计
A8: 类 | B8: 款 | C8: 项 | D8: 栏次 | E8: 1 | F8: 2 | G8: 3 | H8: 4 | I8: 5 | J8: 6 | K8: 7 | L8: 8
D9: 合计 | E9: =E10+E18+E25+E31 -> 7703091 | F9: =F10+F18+F25+F31 -> 7703091 | G9: =G10+G18+G25+G31 -> 0 | H9: =H10+H18+H25+H31 -> 0 | I9: =I10+I18+I25+I31 -> 0 | J9: =J10+J18+J25+J31 -> 0 | K9: =K10+K18+K25+K31 -> 0 | L9: =L10+L18+L25+L31 -> 0
A10: 201 | D10: 一般公共服务支出 | E10: 5485718.3 | F10: 5485718.3 | G10: 0 | H10: 0 | I10: 0 | J10: 0 | K10: 0 | L10: 0
A11: 20102 | D11: 政协事务 | E11: 5473130.3 | F11: 5473130.3 | G11: 0 | H11: 0 | I11: 0 | J11: 0 | K11: 0 | L11: 0
A12: 2010201 | D12: 行政运行 | E12: 4221577.1 | F12: 4221577.1 | G12: 0 | H12: 0 | I12: 0 | J12: 0 | K12: 0 | L12: 0
A13: 2010202 | D13: 一般行政管理事务 | E13: 360938.59 | F13: 360938.59 | G13: 0 | H13: 0 | I13: 0 | J13: 0 | K13: 0 | L13: 0
A14: 2010204 | D14: 政协会议 | E14: 198205 | F14: 198205 | G14: 0 | H14: 0 | I14: 0 | J14: 0 | K14: 0 | L14: 0
A15: 2010299 | D15: 其他政协事务支出 | E15: 692409.61 | F15: 692409.61 | G15: 0 | H15: 0 | I15: 0 | J15: 0 | K15: 0 | L15: 0
A16: 20136 | D16: 其他共产党事务支出 | E16: 12588 | F16: 12588 | G16: 0 | H16: 0 | I16: 0 | J16: 0 | K16: 0 | L16: 0
A17: 2013699 | D17: 其他共产党事务支出 | E17: 12588 | F17: 12588 | G17: 0 | H17: 0 | I17: 0 | J17: 0 | K17: 0 | L17: 0
A18: 208 | D18: 社会保障和就业支出 | E18: 1217773.6 | F18: 1217773.6 | G18: 0 | H18: 0 | I18: 0 | J18: 0 | K18: 0 | L18: 0
A19: 20805 | D19: 行政事业单位养老支出 | E19: 674547.35 | F19: 674547.35 | G19: 0 | H19: 0 | I19: 0 | J19: 0 | K19: 0 | L19: 0
A20: 2080501 | D20: 行政单位离退休 | E20: 5280.2 | F20: 5280.2 | G20: 0 | H20: 0 | I20: 0 | J20: 0 | K20: 0 | L20: 0
A21: 2080505 | D21: 机关事业单位基本养老保险缴费支出 | E21: 585338.08 | F21: 585338.08 | G21: 0 | H21: 0 | I21: 0 | J21: 0 | K21: 0 | L21: 0
... A33: 2210201 | D33: 住房公积金 | E33: 494132 | F33: 494132 | G33: 0 | H33: 0 | I33: 0 | J33: 0 | K33: 0 | L33: 0
A34: 注：本表反映本年度取得的各项收入情况。

Sheet GK03支出决算表
A1: 支出决算表
J2: 公开03表
A3: =GK01收入支出决算表!A3 -> 部门：中国人民政治协商会议云南省新平彝族傣族自治县委员会 | J3: 金额单位：元
A4: 项目 | E4: 本年支出合计 | F4: 基本支出 | G4: 项目支出 | H4: 上缴上级支出 | I4: 经营支出 | J4: 对附属单位补助支出
A5: 支出功能分类科目编码 | D5: 科目名称
A8: 类 | B8: 款 | C8: 项 | D8: 栏次 | E8: 1 | F8: 2 | G8: 3 | H8: 4 | I8: 5 | J8: 6
D9: 合计 | E9: =E10+E18+E25+E31 -> 7703091 | F9: =F10+F18+F25+F31 -> 5886348.6 | G9: =G10+G18+G25+G31 -> 1816742.4 | H9: =H10+H18+H25+H31 -> 0 | I9: =I10+I18+I25+I31 -> 0 | J9: =J10+J18+J25+J31 -> 0
A10: 201 | D10: 一般公共服务支出 | E10: 5485718.3 | F10: 4212202.1 | G10: 1273516.2 | H10: 0 | I10: 0 | J10: 0
A11: 20102 | D11: 政协事务 | E11: 5473130.3 | F11: 4212202.1 | G11: 1260928.2 | H11: 0 | I11: 0 | J11: 0
A12: 2010201 | D12: 行政运行 | E12: 4221577.1 | F12: 4212202.1 | G12: 9375 | H12: 0 | I12: 0 | J12: 0
A13: 2010202 | D13: 一般行政管理事务 | E13: 360938.59 | F13: 0 | G13: 360938.59 | H13: 0 | I13: 0 | J13: 0
A14: 2010204 | D14: 政协会议 | E14: 198205 | F14: 0 | G14: 198205 | H14: 0 | I14: 0 | J14: 0
A15: 2010299 | D15: 其他政协事务支出 | E15: 692409.61 | F15: 0 | G15: 692409.61 | H15: 0 | I15: 0 | J15: 0
A16: 20136 | D16: 其他共产党事务支出 | E16: 12588 | F16: 0 | G16: 12588 | H16: 0 | I16: 0 | J16: 0
A17: 2013699 | D17: 其他共产党事务支出 | E17: 12588 | F17: 0 | G17: 12588 | H17: 0 | I17: 0 | J17: 0
A18: 208 | D18: 社会保障和就业支出 | E18: 1217773.6 | F18: 674547.35 | G18: 543226.2 | H18: 0 | I18: 0 | J18: 0
A19: 20805 | D19: 行政事业单位养老支出 | E19: 674547.35 | F19: 674547.35 | G19: 0 | H19: 0 | I19: 0 | J19: 0
A20: 2080501 | D20: 行政单位离退休 | E20: 5280.2 | F20: 5280.2 | G20: 0 | H20: 0 | I20: 0 | J20: 0
A21: 2080505 | D21: 机关事业单位基本养老保险缴费支出 | E21: 585338.08 | F21: 585338.08 | G21: 0 | H21: 0 | I21: 0 | J21: 0
... A33: 2210201 | D33: 住房公积金 | E33: 494132 | F33: 494132 | G33: 0 | H33: 0 | I33: 0 | J33: 0
A34: 注：本表反映本年度各项支出情况。

Sheet GK04财政拨款收入支出决算表
A1: 财政拨款收入支出决算表
I2: 公开04表
A3: =GK01收入支出决算表!A3 -> 部门：中国人民政治协商会议云南省新平彝族傣族自治县委员会 | I3: 金额单位：元
A4: 收 入 | D4: 支 出
A5: 项 目 | B5: 行次 | C5: 决算数 | D5: 项目（按功能分类） | E5: 行次 | F5: 合计 | G5: 一般公共预算财政拨款 | H5: 政府性基金预算财政拨款 | I5: 国有资本经营预算财政拨款
F6: 小计 | G6: 一般公共预算财政拨款
A7: 栏 次 | C7: 1 | D7: 栏 次 | F7: 2 | G7: 3 | H7: 4 | I7: 5
A8: 一、一般公共预算财政拨款 | B8: 1 | C8: 7703091 | D8: 一、一般公共服务支出 | E8: 33 | F8: 5485718.3 | G8: 5485718.3 | H8: 0 | I8: 0
A9: 二、政府性基金预算财政拨款 | B9: 2 | C9: 0 | D9: 二、外交支出 | E9: 34 | F9: 0 | G9: 0 | H9: 0 | I9: 0
A10: 三、国有资本经营预算财政拨款 | B10: 3 | C10: 0 | D10: 三、国防支出 | E10: 35 | F10: 0 | G10: 0 | H10: 0 | I10: 0
B11: 4 | D11: 四、公共安全支出 | E11: 36 | F11: 0 | G11: 0 | H11: 0 | I11: 0
B12: 5 | D12: 五、教育支出 | E12: 37 | F12: 0 | G12: 0 | H12: 0 | I12: 0
B13: 6 | D13: 六、科学技术支出 | E13: 38 | F13: 0 | G13: 0 | H13: 0 | I13: 0
B14: 7 | D14: 七、文化旅游体育与传媒支出 | E14: 39 | F14: 0 | G14: 0 | H14: 0 | I14: 0
B15: 8 | D15: 八、社会保障和就业支出 | E15: 40 | F15: 1217773.6 | G15: 1217773.6 | H15: 0 | I15: 0
B16: 9 | D16: 九、卫生健康支出 | E16: 41 | F16: 505467.16 | G16: 505467.16 | H16: 0 | I16: 0
B17: 10 | D17: 十、节能环保支出 | E17: 42 | F17: 0 | G17: 0 | H17: 0 | I17: 0
B18: 11 | D18: 十一、城乡社区支出 | E18: 43 | F18: 0 | G18: 0 | H18: 0 | I18: 0
B19: 12 | D19: 十二、农林水支出 | E19: 44 | F19: 0 | G19: 0 | H19: 0 | I19: 0
B20: 13 | D20: 十三、交通运输支出 | E20: 45 | F20: 0 | G20: 0 | H20: 0 | I20: 0
B21: 14 | D21: 十四、资源勘探工业信息等支出 | E21: 46 | F21: 0 | G21: 0 | H21: 0 | I21: 0
B22: 15 | D22: 十五、商业服务业等支出 | E22: 47 | F22: 0 | G22: 0 | H22: 0 | I22: 0
... B33: 26 | D33: 二十六、抗疫特别国债安排的支出 | E33: 58 | F33: 0 | G33: 0 | H33: 0 | I33: 0
A34: 本年收入合计 | B34: 27 | C34: 7703091 | D34: 本年支出合计 | E34: 59 | F34: 7703091 | G34: 7703091 | H34: 0 | I34: 0
A35: 年初财政拨款结转和结余 | B35: 28 | C35: 0 | D35: 年末财政拨款结转和结余 | E35: 60 | F35: 0 | G35: 0 | H35: 0 | I35: 0
A36: 一、一般公共预算财政拨款 | B36: 29 | C36: 0 | E36: 61
A37: 二、政府性基金预算财政拨款 | B37: 30 | C37: 0 | E37: 62
A38: 三、国有资本经营预算财政拨款 | B38: 31 | C38: 0 | E38: 63
A39: 总计 | B39: 32 | C39: 7703091 | D39: 总计 | E39: 64 | F39: 7703091 | G39: 7703091 | H39: 0 | I39: 0
A40: 注：本表反映本年度一般公共预算财政拨款、政府性基金预算财政拨款和国有资本经营预算的总收支和年初、年末结转结余情况。

Sheet GK05一般公共预算财政拨款收入支出决算表
A1: 一般公共预算财政拨款收入支出决算表
S2: 公开05表
A3: =GK01收入支出决算表!A3 -> 部门：中国人民政治协商会议云南省新平彝族傣族自治县委员会 | S3: 单位：元
A4: 项目 | E4: 年初结转和结余 | H4: 本年收入 | K4: 本年支出 | P4: 年末结转和结余
A5: 支出功能分类科目编码 | D5: 科目名称 | E5: 合计 | F5: 基本支出结转 | G5: 项目支出结转和结余 | H5: 合计 | I5: 基本支出 | J5: 项目支出 | K5: 合计 | L5: 基本支出 | N5: 基本支出 | O5: 项目支出 | P5: 合计 | Q5: 基本支出结转 | R5: 项目支出结转和结余 | S5: 项目支出结转和结余
G6: 小计 | I6: 公用经费 | J6: 小计 | L6: 小计 | M6: 人员经费 | N6: 公用经费 | O6: 小计 | R6: 小计 | S6: 项目支出结转 | T6: 项目支出结余
A8: 类 | B8: 款 | C8: 项 | D8: 栏次 | E8: 1 | F8: 2 | G8: 3 | H8: 4 | I8: 5 | J8: 6 | K8: 7 | L8: 8 | M8: 9 | N8: 10 | O8: 11 | P8: 12 | Q8: 13 | R8: 14 | S8: 15 | T8: 16
D9: 合计 | E9: 0 | F9: 0 | G9: 0 | H9: =H10+H18+H25+H31 -> 7703091 | I9: =I10+I18+I25+I31 -> 5886348.6 | J9: =J10+J18+J25+J31 -> 1816742.4 | K9: =K10+K18+K25+K31 -> 7703091 | L9: =L10+L18+L25+L31 -> 5886348.6 | M9: =M10+M18+M25+M31 -> 5261652.6 | N9: =N10+N18+N25+N31 -> 624695.98 | O9: =O10+O18+O25+O31 -> 1816742.4 | ... T9: =T10+T18+T25+T31 -> 0
A10: 201 | D10: 一般公共服务支出 | E10: 0 | F10: 0 | G10: 0 | H10: 5485718.3 | I10: 4212202.1 | J10: 1273516.2 | K10: 5485718.3 | L10: 4212202.1 | M10: 3592786.3 | N10: 619415.78 | O10: 1273516.2 | P10: 0 | Q10: 0 | R10: 0 | S10: 0 | T10: 0
A11: 20102 | D11: 政协事务 | E11: 0 | F11: 0 | G11: 0 | H11: 5473130.3 | I11: 4212202.1 | J11: 1260928.2 | K11: 5473130.3 | L11: 4212202.1 | M11: 3592786.3 | N11: 619415.78 | O11: 1260928.2 | P11: 0 | Q11: 0 | R11: 0 | S11: 0 | T11: 0
A12: 2010201 | D12: 行政运行 | E12: 0 | F12: 0 | G12: 0 | H12: 4221577.1 | I12: 4212202.1 | J12: 9375 | K12: 4221577.1 | L12: 4212202.1 | M12: 3592786.3 | N12: 619415.78 | O12: 9375 | P12: 0 | Q12: 0 | R12: 0 | S12: 0 | T12: 0
A13: 2010202 | D13: 一般行政管理事务 | E13: 0 | F13: 0 | G13: 0 | H13: 360938.59 | I13: 0 | J13: 360938.59 | K13: 360938.59 | L13: 0 | M13: 0 | N13: 0 | O13: 360938.59 | P13: 0 | Q13: 0 | R13: 0 | S13: 0 | T13: 0
A14: 2010204 | D14: 政协会议 | E14: 0 | F14: 0 | G14: 0 | H14: 198205 | I14: 0 | J14: 198205 | K14: 198205 | L14: 0 | M14: 0 | N14: 0 | O14: 198205 | P14: 0 | Q14: 0 | R14: 0 | S14: 0 | T14: 0
A15: 2010299 | D15: 其他政协事务支出 | E15: 0 | F15: 0 | G15: 0 | H15: 692409.61 | I15: 0 | J15: 692409.61 | K15: 692409.61 | L15: 0 | M15: 0 | N15: 0 | O15: 692409.61 | P15: 0 | Q15: 0 | R15: 0 | S15: 0 | T15: 0
A16: 20136 | D16: 其他共产党事务支出 | E16: 0 | F16: 0 | G16: 0 | H16: 12588 | I16: 0 | J16: 12588 | K16: 12588 | L16: 0 | M16: 0 | N16: 0 | O16: 12588 | P16: 0 | Q16: 0 | R16: 0 | S16: 0 | T16: 0
A17: 2013699 | D17: 其他共产党事务支出 | E17: 0 | F17: 0 | G17: 0 | H17: 12588 | I17: 0 | J17: 12588 | K17: 12588 | L17: 0 | M17: 0 | N17: 0 | O17: 12588 | P17: 0 | Q17: 0 | R17: 0 | S17: 0 | T17: 0
A18: 208 | D18: 社会保障和就业支出 | E18: 0 | F18: 0 | G18: 0 | H18: 1217773.6 | I18: 674547.35 | J18: 543226.2 | K18: 1217773.6 | L18: 674547.35 | M18: 669267.15 | N18: 5280.2 | O18: 543226.2 | P18: 0 | Q18: 0 | R18: 0 | S18: 0 | T18: 0
A19: 20805 | D19: 行政事业单位养老支出 | E19: 0 | F19: 0 | G19: 0 | H19: 674547.35 | I19: 674547.35 | J19: 0 | K19: 674547.35 | L19: 674547.35 | M19: 669267.15 | N19: 5280.2 | O19: 0 | P19: 0 | Q19: 0 | R19: 0 | S19: 0 | T19: 0
A20: 2080501 | D20: 行政单位离退休 | E20: 0 | F20: 0 | G20: 0 | H20: 5280.2 | I20: 5280.2 | J20: 0 | K20: 5280.2 | L20: 5280.2 | M20: 0 | N20: 5280.2 | O20: 0 | P20: 0 | Q20: 0 | R20: 0 | S20: 0 | T20: 0
A21: 2080505 | D21: 机关事业单位基本养老保险缴费支出 | E21: 0 | F21: 0 | G21: 0 | H21: 585338.08 | I21: 585338.08 | J21: 0 | K21: 585338.08 | L21: 585338.08 | M21: 585338.08 | N21: 0 | O21: 0 | P21: 0 | Q21: 0 | R21: 0 | S21: 0 | T21: 0
... A33: 2210201 | D33: 住房公积金 | E33: 0 | F33: 0 | G33: 0 | H33: 494132 | I33: 494132 | J33: 0 | K33: 494132 | L33: 494132 | M33: 494132 | N33: 0 | O33: 0 | P33: 0 | Q33: 0 | R33: 0 | S33: 0 | T33: 0
A34: 注：本表反映本年度一般公共预算财政拨款的收支和年初、年末结转结余情况。

Sheet GK06一般公共预算财政拨款基本支出决算表
A1: 一般公共预算财政拨款基本支出决算表
H2: 公开06表
A3: =GK01收入支出决算表!A3 -> 部门：中国人民政治协商会议云南省新平彝族傣族自治县委员会 | H3: 单位：元
A4: 人员经费 | D4: 公用经费
A5: 科目编码 | B5: 科目名称 | C5: 金额 | D5: 科目编码 | E5: 科目名称 | F5: 金额 | G5: 科目编码 | H5: 科目名称 | I5: 金额
A7: 301 | B7: 工资福利支出 | C7: 5235492.6 | D7: 302 | E7: 商品和服务支出 | F7: 624695.98 | G7: 310 | H7: 资本性支出 | I7: 0
A8: 30101 | B8: 基本工资 | C8: 1310057 | D8: 30201 | E8: 办公费 | F8: 21247.81 | G8: 31001 | H8: 房屋建筑物购建 | I8: 0
A9: 30102 | B9: 津贴补贴 | C9: 1348797 | D9: 30202 | E9: 印刷费 | F9: 0 | G9: 31002 | H9: 办公设备购置 | I9: 0
A10: 30103 | B10: 奖金 | C10: 695598 | D10: 30204 | E10: 手续费 | F10: 0 | G10: 31003 | H10: 专用设备购置 | I10: 0
A11: 30106 | B11: 伙食补助费 | C11: 0 | D11: 30205 | E11: 水费 | F11: 0 | G11: 31005 | H11: 基础设施建设 | I11: 0
A12: 30107 | B12: 绩效工资 | C12: 206740 | D12: 30206 | E12: 电费 | F12: 0 | G12: 31006 | H12: 大型修缮 | I12: 0
A13: 30108 | B13: 机关事业单位基本养老保险缴费 | C13: 585338.08 | D13: 30207 | E13: 邮电费 | F13: 19960 | G13: 31007 | H13: 信息网络及软件购置更新 | I13: 0
A14: 30109 | B14: 职业年金缴费 | C14: 83929.07 | D14: 30208 | E14: 取暖费 | F14: 0 | G14: 31008 | H14: 物资储备 | I14: 0
A15: 30110 | B15: 职工基本医疗保险缴费 | C15: 264069.82 | D15: 30209 | E15: 物业管理费 | F15: 0 | G15: 31009 | H15: 土地补偿 | I15: 0
A16: 30111 | B16: 公务员医疗补助缴费 | C16: 230518.9 | D16: 30211 | E16: 差旅费 | F16: 40000 | G16: 31010 | H16: 安置补助 | I16: 0
A17: 30112 | B17: 其他社会保障缴费 | C17: 16312.76 | D17: 30212 | E17: 因公出国（境）费用 | F17: 0 | G17: 31011 | H17: 地上附着物和青苗补偿 | I17: 0
A18: 30113 | B18: 住房公积金 | C18: 494132 | D18: 30213 | E18: 维修(护)费 | F18: 0 | G18: 31012 | H18: 拆迁补偿 | I18: 0
... A33: 30399 | B33: 其他个人和家庭的补助支出 | C33: 0 | D33: 30299 | E33: 其他商品和服务支出 | F33: 33135.7 | G33: 39908 | H33: 对民间非营利组织和群众性自治组织补贴 | I33: 0
D34: 307 | E34: 债务利息及费用支出 | F34: 0 | G34: 39909 | H34: 经常性赠与 | I34: 0
D35: 30701 | E35: 国内债务付息 | F35: 0 | G35: 39910 | H35: 资本性赠与 | I35: 0
D36: 30702 | E36: 国外债务付息 | F36: 0 | G36: 39999 | H36: 其他支出 | I36: 0
D37: 30703 | E37: 国内债务发行费用 | F37: 0
D38: 30704 | E38: 国外债务发行费用 | F38: 0
A39: 人员经费合计 | C39: =C7+C21 -> 5261652.6 | D39: 公用经费合计 | I39: =F7+F34+I7+I24 -> 624695.98
A40: 注：本表反映本年度一般公共预算财政拨款基本支出经济分类支出情况。

Sheet GK07一般公共预算财政拨款项目支出决算表
A1: 一般公共预算财政拨款项目支出决算表
L2: 公开07表
A3: =GK01收入支出决算表!A3 -> 部门：中国人民政治协商会议云南省新平彝族傣族自治县委员会 | L3: 金额单位：元
A4: 项目经费 | D4: 公用经费
A5: 科目编码 | B5: 科目名称 | C5: 金额 | D5: 科目编码 | E5: 科目名称 | F5: 金额 | G5: 科目编码 | H5: 科目名称 | I5: 金额 | J5: 科目编码 | K5: 科目名称 | L5: 金额
A6: 301 | B6: 工资福利支出 | C6: 0 | D6: 302 | E6: 商品和服务支出 | F6: 1255496.2 | G6: 309 | H6: 资本性支出（基本建设） | I6: 0 | J6: 311 | K6: 对企业补助（基本建设） | L6: 0
A7: 30101 | B7: 基本工资 | C7: 0 | D7: 30201 | E7: 办公费 | F7: 400153.69 | G7: 30901 | H7: 房屋建筑物购建 | I7: 0 | J7: 31101 | K7: 资本金注入（基本建设） | L7: 0
A8: 30102 | B8: 津贴补贴 | C8: 0 | D8: 30202 | E8: 印刷费 | F8: 0 | G8: 30902 | H8: 办公设备购置 | I8: 0 | J8: 31199 | K8: 其他对企业补助 | L8: 0
A9: 30103 | B9: 奖金 | C9: 0 | D9: 30204 | E9: 手续费 | F9: 0 | G9: 30903 | H9: 专用设备购置 | I9: 0 | J9: 312 | K9: 对企业补助 | L9: 0
A10: 30106 | B10: 伙食补助费 | C10: 0 | D10: 30205 | E10: 水费 | F10: 0 | G10: 30905 | H10: 基础设施建设 | I10: 0 | J10: 31201 | K10: 资本金注入 | L10: 0
A11: 30107 | B11: 绩效工资 | C11: 0 | D11: 30206 | E11: 电费 | F11: 0 | G11: 30906 | H11: 大型修缮 | I11: 0 | J11: 31203 | K11: 政府投资基金股权投资 | L11: 0
A12: 30108 | B12: 机关事业单位基本养老保险缴费 | C12: 0 | D12: 30207 | E12: 邮电费 | F12: 0 | G12: 30907 | H12: 信息网络及软件购置更新 | I12: 0 | J12: 31204 | K12: 费用补贴 | L12: 0
A13: 30109 | B13: 职业年金缴费 | C13: 0 | D13: 30208 | E13: 取暖费 | F13: 0 | G13: 30908 | H13: 物资储备 | I13: 0 | J13: 31205 | K13: 利息补贴 | L13: 0
A14: 30110 | B14: 职工基本医疗保险缴费 | C14: 0 | D14: 30209 | E14: 物业管理费 | F14: 0 | G14: 30913 | H14: 公务用车购置 | I14: 0 | J14: 31206 | K14: 其他资本性补助 | L14: 0
A15: 30111 | B15: 公务员医疗补助缴费 | C15: 0 | D15: 30211 | E15: 差旅费 | F15: 12721 | G15: 30919 | H15: 其他交通工具购置 | I15: 0 | J15: 31299 | K15: 其他对企业补助 | L15: 0
A16: 30112 | B16: 其他社会保障缴费 | C16: 0 | D16: 30212 | E16: 因公出国（境）费用 | F16: 0 | G16: 20921 | H16: 文物和陈列品购置 | I16: 0 | J16: 313 | K16: 对社会保障基金补助 | L16: 0
A17: 30113 | B17: 住房公积金 | C17: 0 | D17: 30213 | E17: 维修(护)费 | F17: 0 | G17: 30922 | H17: 无形资产购置 | I17: 0 | J17: 31302 | K17: 对社会保险基金补助 | L17: 0
... A25: 30305 | B25: 生活补助 | C25: 10543 | D25: 30226 | E25: 劳务费 | F25: 42990 | G25: 31007 | H25: 信息网络及软件购置更新 | I25: 0 | J25: 39999 | K25: 其他支出 | L25: 0
A26: 30306 | B26: 救济费 | C26: 0 | D26: 30227 | E26: 委托业务费 | F26: 8156.3 | G26: 31008 | H26: 物资储备 | I26: 0
A27: 30307 | B27: 医疗费补助 | C27: 0 | D27: 30228 | E27: 工会经费 | F27: 0 | G27: 31009 | H27: 土地补偿 | I27: 0
A28: 30308 | B28: 助学金 | C28: 0 | D28: 30229 | E28: 福利费 | F28: 0 | G28: 31010 | H28: 安置补助 | I28: 0
A29: 30309 | B29: 奖励金 | C29: 0 | D29: 30231 | E29: 公务用车运行维护费 | F29: 61883.94 | G29: 31011 | H29: 地上附着物和青苗补偿 | I29: 0
A30: 30310 | B30: 个人农业生产补贴 | C30: 0 | D30: 30239 | E30: 其他交通费用 | F30: 380860.77 | G30: 31012 | H30: 拆迁补偿 | I30: 0
A31: 30311 | B31: 代缴社会保险费 | C31: 0 | D31: 30240 | E31: 税金及附加费用 | F31: 0 | G31: 31013 | H31: 公务用车购置 | I31: 0
A32: 30399 | B32: 其他对个人和家庭的补助 | C32: 0 | D32: 30299 | E32: 其他商品和服务支出 | F32: 7660 | G32: 31019 | H32: 其他交通工具购置 | I32: 0
D33: 307 | E33: 债务利息及费用支出 | F33: 0 | G33: 31021 | H33: 文物和陈列品购置 | I33: 0
D34: 30701 | E34: 国内债务付息 | F34: 0 | G34: 31022 | H34: 无形资产购置 | I34: 0
D35: 30702 | E35: 国外债务付息 | F35: 0 | G35: 31099 | H35: 其他资本性支出 | I35: 0
D36: 30703 | E36: 国内债务发行费用 | F36: 0
D37: 30704 | E37: 国外债务发行费用 | F37: 0
A38: 注：本表反映本年度一般公共预算财政拨款项目支出经济分类支出情况。

Sheet GK08政府性基金预算财政拨款收入支出决算表
A1: 政府性基金预算财政拨款收入支出决算表
T2: 公开08表
A3: =GK01收入支出决算表!A3 -> 部门：中国人民政治协商会议云南省新平彝族傣族自治县委员会 | T3: 单位：元
A4: 项目 | E4: 年初结转和结余 | H4: 本年收入 | K4: 本年支出 | P4: 年末结转和结余
A5: 支出功能分类科目编码 | D5: 科目名称 | E5: 合计 | F5: 基本支出结转 | G5: 项目支出结转和结余 | H5: 合计 | I5: 基本支出 | J5: 项目支出 | K5: 合计 | L5: 基本支出 | N5: 基本支出 | O5: 项目支出 | P5: 合计 | Q5: 基本支出结转 | R5: 项目支出结转和结余 | S5: 项目支出结转和结余
G6: 小计 | J6: 小计 | L6: 小计 | M6: 人员经费 | N6: 公用经费 | O6: 小计 | R6: 小计 | S6: 项目支出结转 | T6: 项目支出结余
A8: 类 | B8: 款 | C8: 项 | D8: 栏次 | E8: 1 | F8: 2 | G8: 3 | H8: 4 | I8: 5 | J8: 6 | K8: 7 | L8: 8 | M8: 9 | N8: 10 | O8: 11 | P8: 12 | Q8: 13 | R8: 14 | S8: 15 | T8: 16
D9: 合计 | E9: 0 | F9: 0 | G9: 0 | H9: 0 | I9: 0 | J9: 0 | K9: 0 | L9: 0 | M9: 0 | N9: 0 | O9: 0 | P9: 0 | Q9: 0 | R9: 0 | S9: 0 | T9: 0
A11: 注：本表反映本年度政府性基金预算财政拨款的收支和年初、年末结转结余情况。
A12: 本部门2025年度无政府性基金预算财政拨款收入，《政府性基金预算财政拨款收入支出决算表》为空表。

Sheet GK09国有资本经营预算财政拨款收入支出决算表
A1: 国有资本经营预算财政拨款收入支出决算表
L2: 公开09表
A3: =GK01收入支出决算表!A3 -> 部门：中国人民政治协商会议云南省新平彝族傣族自治县委员会 | L3: 单位：元
A4: 项目 | E4: 年初结转和结余 | H4: 本年收入 | I4: 本年支出 | J4: 年末结转和结余
A5: 支出功能分类科目编码 | D5: 科目名称 | E5: 合计 | F5: 结转 | G5: 结余 | J5: 合计 | K5: 结转 | L5: 结余
L6: 项目支出结转
A8: 类 | B8: 款 | C8: 项 | D8: 栏次 | E8: 1 | F8: 2 | G8: 3 | H8: 4 | I8: 5 | J8: 6 | K8: 7 | L8: 8
D9: 合计 | E9: 0 | F9: 0 | G9: 0 | H9: 0 | I9: 0 | J9: 0 | K9: 0 | L9: 0
A11: 注：本表反映本年度国有资本经营预算财政拨款的收支和年初、年末结转结余情况。
A12: 本部门2025年度无国有资本经营预算财政拨款收入，《国有资本经营预算财政拨款收入支出决算表》为空表。

Sheet GK10财政拨款“三公”经费、行政参公单位机关运行经费情况表
A1: 财政拨款“三公”经费、行政参公单位机关运行经费情况表
E2: 公开10表
A3: =GK01收入支出决算表!A3 -> 部门：中国人民政治协商会议云南省新平彝族傣族自治县委员会 | E3: 单位：元
A4: 项 目 | B4: 行次 | C4: 预算数 | D4: 全年预算数 | E4: 决算统计数
A5: 栏 次 | C5: 1 | D5: 2 | E5: 3
A6: 一、“三公”经费支出 | B6: 1 | C6: — | D6: — | E6: —
A7: （一）支出合计 | B7: 2 | C7: 252000 | D7: 139557.94 | E7: 139557.94
A8: 1．因公出国（境）费用 | B8: 3 | C8: 0 | D8: 0 | E8: 0
A9: 2．公务用车购置及运行维护费 | B9: 4 | C9: 180000 | D9: 119883.94 | E9: 119883.94
A10: （1）公务用车购置费 | B10: 5 | C10: 0 | D10: 0 | E10: 0
A11: （2）公务用车运行维护费 | B11: 6 | C11: 180000 | D11: 119883.94 | E11: 119883.94
A12: 3．公务接待费 | B12: 7 | C12: 72000 | D12: 19674 | E12: 19674
A13: （1）国内接待费 | B13: 8 | C13: — | D13: — | E13: 19674
A14: 其中：外事接待费 | B14: 9 | C14: — | D14: —
A15: （2）国（境）外接待费 | B15: 10 | C15: — | D15: —
A16: （二）相关统计数 | B16: 11 | C16: — | D16: — | E16: —
A17: 1．因公出国（境）团组数（个） | B17: 12 | C17: — | D17: —
A18: 2．因公出国（境）人次数（人） | B18: 13 | C18: — | D18: —
A19: 3．公务用车购置数（辆） | B19: 14 | C19: — | D19: —
A20: 4．公务用车保有量（辆） | B20: 15 | C20: — | D20: —
A21: 5．国内公务接待批次（个） | B21: 16 | C21: — | D21: — | E21: 28
A22: 其中：外事接待批次（个） | B22: 17 | C22: — | D22: — | E22: 0
A23: 6．国内公务接待人次（人） | B23: 18 | C23: — | D23: — | E23: 325
A24: 其中：外事接待人次（人） | B24: 19 | C24: — | D24: — | E24: 0
A25: 7．国（境）外公务接待批次（个） | B25: 20 | C25: — | D25: — | E25: 0
A26: 8．国（境）外公务接待人次（人） | B26: 21 | C26: — | D26: — | E26: 0
A27: 二、机关运行经费 | B27: 22 | C27: — | D27: — | E27: 624695.98
A28: （一）行政单位 | B28: 23 | C28: — | D28: — | E28: 624695.98
A29: （二）参照公务员法管理事业单位 | B29: 24 | C29: — | D29: — | E29: 0
A30: 注：1．财政拨款“三公”经费为单位使用一般公共预算、政府性基金和国有资本经营预算安排的支出，包括当年财政拨款和以前年度财政拨款结转结余资金安排的实际支出。“三公”经费相关统计数是指使用财政拨款负担费用的相关批次、人次及车辆情况。
A31: 2．“机关运行经费”填列行政单位和参照公务员法管理的事业单位财政拨款基本支出中的公用经费支出。

Sheet GK11一般公共预算财政拨款“三公”经费情况表
A1: 一般公共预算财政拨款“三公”经费情况表
E2: 公开11表
A3: =GK01收入支出决算表!A3 -> 部门：中国人民政治协商会议云南省新平彝族傣族自治县委员会 | E3: 单位：元
A4: 项 目 | B4: 行次 | C4: 预算数 | D4: 全年预算数 | E4: 决算统计数
A5: 栏 次 | C5: 1 | D5: 2 | E5: 3
A6: “三公”经费支出 | B6: 1 | C6: — | D6: — | E6: —
A7: （一）支出合计 | B7: 2 | C7: 252000 | D7: 139557.94 | E7: 139557.94
A8: 1．因公出国（境）费用 | B8: 3 | C8: 0 | D8: 0 | E8: 0
A9: 2．公务用车购置及运行维护费 | B9: 4 | C9: 180000 | D9: 119883.94 | E9: 119883.94
A10: （1）公务用车购置费 | B10: 5 | C10: 0 | D10: 0 | E10: 0
A11: （2）公务用车运行维护费 | B11: 6 | C11: 180000 | D11: 119883.94 | E11: 119883.94
A12: 3．公务接待费 | B12: 7 | C12: 72000 | D12: 19674 | E12: 19674
A13: （1）国内接待费 | B13: 8 | C13: — | D13: — | E13: 19674
A14: 其中：外事接待费 | B14: 9 | C14: — | D14: — | E14: 0
A15: （2）国（境）外接待费 | B15: 10 | C15: — | D15: — | E15: 0
A16: （二）相关统计数 | B16: 11 | C16: — | D16: — | E16: —
A17: 1．因公出国（境）团组数（个） | B17: 12 | C17: — | D17: — | E17: 0
A18: 2．因公出国（境）人次数（人） | B18: 13 | C18: — | D18: — | E18: 0
A19: 3．公务用车购置数（辆） | B19: 14 | C19: — | D19: — | E19: 0
A20: 4．公务用车保有量（辆） | B20: 15 | C20: — | D20: — | E20: 2
A21: 5．国内公务接待批次（个） | B21: 16 | C21: — | D21: — | E21: 28
A22: 其中：外事接待批次（个） | B22: 17 | C22: — | D22: — | E22: 0
A23: 6．国内公务接待人次（人） | B23: 18 | C23: — | D23: — | E23: 325
A24: 其中：外事接待人次（人） | B24: 19 | C24: — | D24: — | E24: 0
A25: 7．国（境）外公务接待批次（个） | B25: 20 | C25: — | D25: — | E25: 0
A26: 8．国（境）外公务接待人次（人） | B26: 21 | C26: — | D26: — | E26: 0
A27: 注：本表所列“三公”经费为单位使用一般公共预算财政拨款安排的支出，包括当年一般公共预算财政拨款和以前年度一般公共预算财政拨款结转结余资金安排的实际支出。“三公”经费相关统计数是指使用一般公共预算财政拨款负担费用的相关批次、人次及车辆情况。

Sheet GK12国有资产使用情况表
A1: 国有资产使用情况表
U2: 公开12表
A3: =GK01收入支出决算表!A3 -> 部门：中国人民政治协商会议云南省新平彝族傣族自治县委员会 | U3: 金额单位：元
A4: 项目 | B4: 行次 | C4: 资产总额 | D4: 资产原值合计 | E4: 流动资产 | F4: 固定资产 | P4: 对外投资/有价证券 | Q4: 在建工程 | R4: 无形资产 | T4: 其他资产
F5: 小计 | H5: 房屋构筑物 | J5: 车辆 | L5: 单价200万以上 大型设备 | N5: 其他固定资产
F6: 原值 | G6: 净值 | H6: 原值 | I6: 净值 | J6: 原值 | K6: 净值 | L6: 原值 | M6: 净值 | N6: 原值 | O6: 净值 | R6: 原值 | S6: 净值 | T6: 原值 | U6: 净值
A7: 栏次 | C7: 1 | D7: 2 | E7: 3 | F7: 4 | G7: 5 | H7: 6 | I7: 7 | J7: 8 | K7: 9 | L7: 10 | M7: 11 | N7: 12 | O7: 13 | P7: 14 | Q7: 15 | R7: 16 | S7: 17 | T7: 18 | U7: 19
A8: 合计 | B8: 1 | C8: 278180.8 | D8: 1651618.8 | E8: 28803.32 | F8: =H8+J8+L8+N8 -> 1651618.8 | G8: =I8+K8+M8+O8 -> 249377.48 | H8: 0 | I8: 0 | J8: 653613 | K8: 0 | L8: 0 | M8: 0 | N8: 998005.83 | O8: 249377.48 | P8: 0 | Q8: 0 | R8: 0 | S8: 0 | T8: 0 | U8: 0
A9: 注：1.资产总额＝流动资产＋固定资产（净值）＋对外投资／有价证券＋在建工程＋无形资产（净值）＋其他资产（净值）； 2.资产原值合计=流动资产＋固定资产（原值）＋对外投资／有价证券＋在建工程＋无形资产（原值）＋其他资产（原值）；

Sheet GK13部门整体支出绩效自评情况
A1: 2025年度部门整体支出绩效自评情况
D2: 公开13表
A3: 一、部门基本情况 | B3: （一）部门概况 | D3: 主要职能：政治协商、民主监督、参政议政。主要职责： 1.负责县政协全体委员会议、常务委员会会议、主席会议、专题座谈会议、专门委员会会议会务工作，相关管理及相关会议费用的支出，组织实施会议决议、决定、建议案等。 2.加强与政协委员的联系，充分发挥政协委员的作用，履行政治协商、民主监督、参政议政职能。 3.组织市、县政协委员进行视察、调查、学习、参观、研讨、座谈等活动，切实做好组织准备和服务工作。 4.宣传人民政协的方针政策，推介政协工作经验和委员先进事迹。 5.广泛联系各人民团体、工商联以及各界人士倾听、收集各界意见和建议，反映社情民意。 6.加强与县直有关部门的联系，互通信息，协调工作。 7.联系、指导乡镇政协联络工作委员会的工作。受省、市政协办公厅（室）的委托，联系组织驻临时的省、市政协委员开展工作。 8.做好行政事务管理工作，完成领导交办的其他工作。
B4: （二）部门绩效目标的设立情况 | D4: 围绕全县中心工作，充分发挥人民政协政治协商、民主监督、参政议政职能，认真贯彻落实省、市、县县委、县政府重大决策部署，把协商民主贯穿政治协商、民主监督、反映社情民意、委员培训、召开常委会会议、文史书籍编撰等各项工作。
B5: （三）部门整体收支情况 | D5: 本单位2025年度总收入770.31万元，其中基本支出588.64万元（工资福利支出544.53万元；商品和服务支出42.44万元；办公设备购置1.67万元），占总支出的76.42%；项目支出181.67万元，占总支出的23.58%
B6: （四）部门预算管理制度建设情况 | D6: 政协新平彝族傣族自治县委员会办公室预算编制坚持依法理财、厉行节约、量力而行、统筹兼顾的原则，以努力降低行政运行成本，规范基本支出预算管理，推动项目支出滚动管理，强化预算绩效管理，严格预算执行，按要求严格上报实有人员、车辆情况等基础信息数据，作为基本支出预算核定依据，根据财政发展及实际工作的需要据实编制上报项目支出预算。上报县财政局，经人代会审查批准后，由县财政局批准下达执行。
B7: （五）严控“三公”经费支出情况 | D7: 2025年“三公”经费总支出13.96万元，比上年减少1.73万元，下降11.03%，其中接待费1.97万元，比上年减0.43万元，下降17.92%，减少原因是严格执行玉财行〔2024〕251号玉溪市财政局关于落实过紧日子要求加强“三公”经费管理的通知精神。公务用车运行维护费11.99万元，比上年减少1.30万元，下降9.78%，减少原因是严格执行玉财行〔2024〕251号玉溪市财政局关于落实过紧日子要求加强“三公”经费管理的通知精神。
A8: 二、绩效自评组织情况 | B8: （一）前期准备 | D8: 通过查账目，实地查看等方式，认真对照项目绩效自评表，对2025年度预算资金绩效项目进行了自查和自评打分，形成2025年度部门整体支出绩效自评情况表报县财政局。
B9: （二）组织实施 | D9: 通过收集单位基本情况、预算制定与明细、中长期规划目标及组织架构等信息，分析单位资源配置的合理性及中长期规划目标完成与履职情况，总结经验做法，找出预算绩效管理中的薄弱环节，提出改进建议，提高财政资金的使用效益。
A10: 三、评价情况分析及综合评价结论 | D10: 2025年，根据县政协办年初工作要点，围绕县委、县政府工作重点较好地完成了年度目标。通过加强收支管理，不断建立健全内部管理制度，梳理内部管理流程，部门整体支出管理情况得到提升。支出总额控制在预算总额以内，总体执行完成。
A11: 四、存在的问题和整改情况 | D11: （一）存在问题：1.由于绩效管理工作经验不足，县政协办公室建立的绩效指标体系有待完善。2.县级财政困难，资金不能及时支付，导致当年项目资金结余。（二）整改情况：1.建议县财政局组织对各部门建立预算绩效指标体系进行培训，推进各部门指标体系建设，为进一步加强预算绩效管理夯实基础。2.积极与财政沟通，以确保资金及时支付。
A12: 五、绩效自评结果应用情况 | D12: 绩效结果应用，既是开展绩效评价工作的基本前提，又是加强财政支出管理、增强资金绩效理念、合理配置公共资源、优化财政支出结构、强化资金管理水平、提高资金使用效益的重要手段。为使绩效评价结果得到合理应用，应将此次绩效评价结果作为以后年度建设资金分配的重要依据，评价结果可公开。
A13: 六、主要经验及做法 | D13: 县政协资金统一管理，统一核算、支出审批手续严格，办公室、财务室负责具体资金支出，各委室、各岗位人员各司其职，最终圆满完成年度预算计划。
A14: 七、其他需说明的情况 | D14: 2025年政协提案办理专项经费100.00万元，共涉及15件，于新协办请〔2025〕4号分配至乡镇（街道）项目实施单位。

Sheet GK14部门整体支出绩效自评表
A1: 2025年度部门整体支出绩效自评表
J2: 公开14表
A3: 基本信息
A4: 部门名称 | B4: 中国人民政治协商会议云南省新平彝族傣族自治县委员会办公室
A5: 部门预算资金(万元) | C5: 项目年度支出 | E5: 年初预算数 | F5: 预算调整数（调增为“+”；调减为“-”） | G5: 预算确定数 | H5: 执行数（系统提取） | I5: 执行率(%) | J5: 情况说明
C6: 年度资金总额 | E6: 842.76 | F6: -72.41 | G6: 770.35 | H6: 770.31 | I6: 99.99
C7: 基本支出 | D7: 年度资金总额 | E7: 582.11 | F7: 4.1 | G7: 586.21 | H7: 586.17 | I7: 99.99
C8: 项目支出 | D8: 年度资金总额 | E8: 260.65 | F8: -76.51 | G8: 184.14 | H8: 184.14 | I8: 100
D9: 其中：当年财政拨款 | E9: 253.41 | F9: -87.49 | G9: 165.92 | H9: 165.92 | I9: 100
D10: 上年结转资金 | E10: 0 | F10: 0 | G10: 0 | H10: 0 | I10: 0
D11: 非财政拨款 | E11: 7.24 | F11: 10.98 | G11: 18.22 | H11: 18.22 | I11: 100
A12: 部门年度目标 | C12: 项目资金的政策目标：中共新平县委《关于加强人民政协协商民主建设的实施意见》新发〔2016〕20号及中共新平县委《关于新时代加强和改进人民政协工作的实施意见》新发〔2020〕29号。 项目用途：提升履职能力，增强政治把握能力、调查研究能力、联系群众能力、合作共事能力。 项目使用范围：会议费、培训费、调研工作经费、提案经费补助。 项目预算支出内容：1.调研视察协商会议费3次。2.调研视察协商课题考察21次。3.政协委员培训3次。4.文史资料编辑包括资料收集、组稿、审核、排版、成书印刷费1本。5.支持乡村振兴联系村戛洒镇新寨村开展民族团结示范创建。6.开展三大宗教共计18个寺堂（点）走访活动。7.召开宗教界代表人士座谈会3次。7.组织委员开展调研视察和学习活动3次。8.组织政协委员与各民主党派团体和各族各界人士团结联谊2次。9.调研视察协商会议费按24次，计划选取10-16件左右“急难小”提案给予。
A14: 部门整体支出绩效指标
A15: 绩效指标 | D15: 指标性质 | E15: 指标值 | F15: 度量单位 | G15: 实际完成值 | H15: 偏差原因分析及改进措施
A16: 一级指标 | B16: 二级指标 | C16: 三级指标
A17: 产出指标
B18: 数量指标
C19: 完成提案案件数量 | D19: >= | E19: 16 | F19: 件 | G19: 16 | H19: 无偏差
C20: 参加视察、调研、检查人数 | D20: >= | E20: 24 | F20: 次 | G20: 24 | H20: 无偏差
C21: 会议参会人数 | D21: >= | E21: 330 | F21: 人 | G21: 330 | H21: 无偏差
C22: 会议会期 | D22: = | E22: 4 | F22: 期 | G22: 4 | H22: 无偏差
C23: 订阅党报党刊数量 | D23: >= | E23: 42 | F23: 份 | G23: 42 | H23: 无偏差
C24: 参加主题实践教育活动人数 | D24: >= | E24: 42 | F24: 人 | G24: 42 | H24: 无偏差
B25: 质量指标
C26: 提案办结率 | D26: >= | E26: 95 | F26: % | G26: 95 | H26: 无偏差
C27: 会议参会率 | D27: >= | E27: 90 | F27: % | G27: 90 | H27: 无偏差
C28: 活动人员到位率 | D28: >= | E28: 90 | F28: % | G28: 90 | H28: 无偏差
B29: 时效指标
C30: 项目实施完成时间 | D30: >= | E30: 12 | F30: 月 | G30: 12 | H30: 无偏差
C31: 资金到位后支付时限 | D31: >= | E31: 3 | F31: 天 | G31: 3 | H31: 无偏差
A32: 效益指标
B33: 社会效益
C34: 提高参政议政影响力 | D34: >= | E34: 发挥 | F34: 发挥 | G34: 发挥 | H34: 无偏差
C35: 提高政协委员履职能力 | D35: >= | E35: 效果显著 | F35: 效果 | G35: 效果显著 | H35: 无偏差
C36: 保障会议圆满完成 | D36: >= | E36: 保障 | F36: 保障 | G36: 保障 | H36: 无偏差
A37: 满意度指标
B38: 服务对象满意度
C39: 服务对象满意度指标 | D39: >= | E39: 90 | F39: % | G39: 90 | H39: 无偏差
C40: 党组织、党员满意度 | D40: >= | E40: 90 | F40: % | G40: 90 | H40: 无偏差
A41: 其他需说明事项

Sheet GK15项目支出绩效自评表
A1: 2025年度项目支出绩效自评表
L2: 公开15表
A3: 项目名称 | C3: 第十届四次会议经费
A4: 主管部门 | C4: 中国人民政治协商会议云南省新平彝族傣族自治县委员会办公室 | H4: 实施单位 | I4: 中国人民政治协商会议云南省新平彝族傣族自治县委员会办公室
A5: 项目资金(万元) | D5: 年初预算数 | F5: 全年预算数 | H5: 全年执行数 | I5: 分值 | J5: 执行率 | K5: 得分 | L5: 备注
C6: 年度资金总额 | D6: 0 | F6: 19.82 | H6: 19.82 | I6: 10 | J6: 100 | K6: 10
C7: 其中：当年财政拨款 | D7: 0 | F7: 19.82 | H7: 19.82 | J7: 100
C8: 上年结转资金 | D8: 0 | F8: 0 | H8: 0 | J8: 0
C9: 非财政拨款 | D9: 0 | F9: 0 | H9: 0 | J9: 0
A10: 年度 总体 目标 | B10: 预期目标 | H10: 实际完成情况
B11: 根据《中共中央关于新时代加强和改进人民政协工作的意见》《中共中央办公厅印发<关于加强和改进新时代市县政协工作的意见>的通知》及《中共新平县委办公室 新平县人民政府办公室关于印发<新平县县级行政事业单位会议费管理办法>的通知》（新办发〔2015〕35号精神和中央和省、市、县委决策部署，坚持和加强党的全面领导，立足新发展阶段，新平县政协第十届委员会第四次会议属一类会议。为达到推动新平高质量发展、为全面建设社会主义现代化打基础，县政协常委会要以习近平新时代中国特色社会主义思想为指导，深入贯彻习近平总书记关于加强和改进人民政协工作的重要思想。中国人民政治协商会议新平彝族傣族自治县第十届委员会第四次会议将于2025年1月14日至17日在新平县委党校召开，会期3.5天。预计参会人员349人，工作人员70余人（含：秘书组、会务组、组织组、提案组、宣传组、后勤保障及医疗卫生组、信访维稳组、会风会纪监督组共八个组）共349余人，计划安排总资金：282,9000.00元。实际发生198,205.00元，其中： 1.会议材料印刷制作费：46,272.00元； 2.会餐费88,950.00元； 3.会场费用52,934.00元； 4.住宿费8,316.00元 5.布标制作安装费1,103.00； 6.委员误工补贴630.00 | H11: （一）听取和审议政协新平彝族傣族自治县第十届委员会常务委员会工作报告； （二）听取和审议政协新平彝族傣族自治县第十届委员会常务委员会关于十届三次会议以来提案工作情况的报告； （三）列席县第十八届人大五次会议第一次全体会议，听取和协商政府工作报告和其他有关报告； （四）协商“两院”工作报告； （五）补选政协新平彝族傣族自治县第十届委员会副主席、常务委员； （六）审议通过政协新平彝族傣族自治县第十届委员会第四次会议关于常务委员会工作报告的决议； （七）审议通过政协新平彝族傣族自治县第十届委员会第四次会议关于十届三次会议以来提案工作情况报告的决议； （八）审议通过政协新平彝族傣族自治县第十届委员会第四次会议期间提案审查情况的报告； （九）审议通过政协新平彝族傣族自治县第十届委员会第四次会议政治决议。
A13: 项目支出绩效指标表
A14: 绩效指标 | E14: 年度指标值 | H14: 指标完成情况
A15: 一级 指标 | C15: 二级指标 | D15: 三级指标 | E15: 指标性质 | F15: 指标值 | G15: 度量单位 | H15: 实际完成值 | I15: 分值 | J15: 得分 | K15: 偏差原因分析及改进措施
A16: 产出指标 | C16: 数量指标 | D16: 会议参会人次 | E16: = | F16: 300 | G16: 人次 | H16: 300 | I16: 10 | J16: 10 | K16: 无偏差
A17: 产出指标 | C17: 数量指标 | D17: 会议期数 | E17: = | F17: 4 | G17: 期 | H17: 4 | I17: 10 | J17: 10 | K17: 无偏差
A18: 产出指标 | C18: 质量指标 | D18: 会议参会率 | E18: >= | F18: 90 | G18: % | H18: 90 | I18: 15 | J18: 15 | K18: 无偏差
A19: 产出指标 | C19: 时效指标 | D19: 第十届四次会议会期 | E19: = | F19: 3.5 | G19: 天 | H19: 3.5 | I19: 15 | J19: 15 | K19: 无偏差
A20: 效益指标 | C20: 社会效益指标 | D20: 保障会议圆满完成 | E20: = | F20: 保障 | G20: 是/否 | H20: 保障 | I20: 15 | J20: 15 | K20: 无偏差
A21: 效益指标 | C21: 社会效益指标 | D21: 政协委员参政议政能力 | E21: = | F21: 提升 | G21: 是/否 | H21: 提升 | I21: 15 | J21: 15 | K21: 无偏差
A22: 满意度指标 | C22: 服务对象满意度指标 | D22: 参会人员满意度 | E22: >= | F22: 90 | G22: % | H22: 90 | I22: 10 | J22: 10 | K22: 无偏差
A23: 其他需要说明的事项
A24: 总分 | I24: 总分值 | J24: 总得分 | K24: 自评等级
I25: 100 | J25: 100 | K25: 优

Sheet GK15项目支出绩效自评表 (2)
A1: 2025年度项目支出绩效自评表
L2: 公开15表
A3: 项目名称 | C3: 2019至2025年租车经费
A4: 主管部门 | C4: 中国人民政治协商会议云南省新平彝族傣族自治县委员会办公室 | H4: 实施单位 | I4: 中国人民政治协商会议云南省新平彝族傣族自治县委员会办公室
A5: 项目资金 （万元） | D5: 年初预算数 | F5: 全年预算数 | H5: 全年执行数 | I5: 分值 | J5: 执行率 | K5: 得分 | L5: 备注
C6: 年度资金总额 | D6: 0 | F6: 36.09 | H6: 36.09 | I6: 10 | J6: 100 | K6: 10
C7: 其中：财政拨款 | D7: 0 | F7: 36.09 | H7: 36.09 | J7: 100
C8: 上年结转资金 | D8: 0 | F8: 0 | H8: 0 | J8: 0
C9: 非财政拨款 | D9: 0 | F9: 0 | H9: 0 | J9: 0
A10: 年度 总体 目标 | B10: 预期目标 | H10: 实际完成情况
B11: 根据《云南省党政机关公务用车管理实施办法》（云办发〔2018〕34号）、《玉溪市党政机关公务用车管理实施细则》（玉改委发〔2019〕13号）和《新平县党政机关公务用车管理实施细则》（新改委发〔2020〕2号）文件要求，2025年计划安排总资金：370,738.59元，分别是新平县振兴物流贸易有限公司2023年167,115.50元；2024年140,365.00元；2025年5月40,499.50元；玉交公司9,200.00元；城镇投资有限公司2019年至今租车费13,558.59元。 | H11: 充分利用社会化保障公务出行，充实县级党政机关公车改革后公务出行车辆服务供给，积极发展适应公务出行的社会化、市场化交通定制服务。新平县振兴物流贸易有限公司2023年167,115.50元；2024年140,365.00元；2025年5月40,499.50元；玉交公司9,200.00元；2019年城镇建设投资有限公司至今大巴车租车费13,558.59元。
A13: 项目支出绩效指标表
A14: 绩效指标 | E14: 年度指标值 | H14: 指标完成情况
A15: 一级 指标 | C15: 二级指标 | D15: 三级指标 | E15: 指标性质 | F15: 指标值 | G15: 度量单位 | H15: 实际完成值 | I15: 分值 | J15: 得分 | K15: 偏差原因分析及改进措施
A16: 产出指标 | C16: 数量指标 | D16: 公务用车租赁次数 | E16: >= | F16: 70 | G16: 次 | H16: 70 | I16: 15 | J16: 15 | K16: 无偏差
A17: 产出指标 | C17: 质量指标 | D17: 租用公务用车合格率 | E17: = | F17: 100 | G17: % | H17: 100 | I17: 15 | J17: 15 | K17: 无偏差
A18: 产出指标 | C18: 时效指标 | D18: 派车及时率 | E18: = | F18: 及时 | G18: % | H18: % | I18: 20 | J18: 20 | K18: 无偏差
A19: 效益指标 | C19: 社会效益指标 | D19: 保障公务用车 | E19: = | F19: 保障 | G19: % | H19: % | I19: 30 | J19: 30 | K19: 无偏差
A20: 满意度指标 | C20: 服务对象满意度指标 | D20: 公务用车乘用人满意度 | E20: >= | F20: 90 | G20: % | H20: 90 | I20: 10 | J20: 10 | K20: 无偏差
A21: 其他需要说明的事项
A22: 总分 | I22: 总分值 | J22: 总得分 | K22: 自评等级
I23: 100 | J23: 100 | K23: 优

Sheet GK15项目支出绩效自评表 (3)
A1: 2025年度项目支出绩效自评表
L2: 公开15表
A3: 项目名称 | C3: 2024年省级第一批基层政协履职能力提升及政协工作业务经费
A4: 主管部门 | C4: 中国人民政治协商会议云南省新平彝族傣族自治县委员会办公室 | H4: 实施单位 | I4: 中国人民政治协商会议云南省新平彝族傣族自治县委员会办公室
A5: 项目资金 （万元） | D5: 年初预算数 | F5: 全年预算数 | H5: 全年执行数 | I5: 分值 | J5: 执行率 | K5: 得分 | L5: 备注
C6: 年度资金总额 | D6: 0 | F6: 4 | H6: 4 | I6: 10 | J6: 100 | K6: 10
C7: 其中：财政拨款 | D7: 0 | F7: 0 | H7: 0 | J7: 0
C8: 上年结转资金 | D8: 0 | F8: 4 | H8: 4 | J8: 100
C9: 非财政拨款 | D9: 0 | F9: 0 | H9: 0 | J9: 0
A10: 年度 总体 目标 | B10: 预期目标 | H10: 实际完成情况
B11: 项目资金的政策目标：中共新平县委全面深化改革委员会关于印发《新平县政协新时代履职实践中心 工作规则（试行）》的通知新改委发〔2024〕6号；中共新平县委《关于加强人民政协协商民主建设的实施意见》新发〔2016〕20号；中共新平县委《关于新时代加强和改进人民政协工作的实施意见》（新发〔2020〕29号）及《玉溪市财政局关于下达新平县政协工作业务经费的通知》（玉财行〔2024〕221号）、《玉溪市财政局关于下达2024年省级第一批基层政协履职能力提升专项资金的通知》（玉财行〔2024〕165号）下达资金文件精神。 项目用途：提升履职能力及提高工作效率，增强政治把握能力、调查研究能力、联系群众能力、合作共事能力。 项目使用范围：办公用品购置、办公经费。 项目预算支出内容的：办公用品购置16,720.00元（其中：办公椅3把1,500.00元；办公桌4张3,920.00元；定制书柜2组7,000.00元；碎纸机5个4,300.00元；12个乡镇（街道）政协活动室及委员工作室规范化建设资金2,3280.00元。 | H11: 2024年11月完成乡镇政协活动室及委员工作室规范化建设等费用1.9435万元、过道文化墙设计安装费0.5798万元、音响1个0.083万元支出，2024年12月完成委员服务中心办公桌4张0.392万元、委员服务中心办公椅3把0.15万元、小会议室书柜2组0.7万元、碎纸机5个0.43万元。于2025年1月支付资金。
A13: 项目支出绩效指标表
A14: 绩效指标 | E14: 年度指标值 | H14: 指标完成情况
A15: 一级 指标 | C15: 二级指标 | D15: 三级指标 | E15: 指标性质 | F15: 指标值 | G15: 度量单位 | H15: 实际完成值 | I15: 分值 | J15: 得分 | K15: 偏差原因分析及改进措施
A16: 产出指标 | C16: 数量指标 | D16: 公用经费保障人数 | E16: = | F16: 24 | G16: 人 | H16: 24 | I16: 10 | J16: 10 | K16: 无偏差
A17: 产出指标 | C17: 数量指标 | D17: 县政协委员保障人数 | E17: >= | F17: 170 | G17: 人 | H17: 170 | I17: 10 | J17: 10 | K17: 无偏差
A18: 产出指标 | C18: 数量指标 | D18: 购置设备数量 | E18: = | F18: 1.00 | G18: 批 | H18: 1 | I18: 10 | J18: 10 | K18: 无偏差
A19: 产出指标 | C19: 质量指标 | D19: 验收通过率 | E19: >= | F19: 100 | G19: % | H19: 100 | I19: 10 | J19: 10 | K19: 无偏差
A20: 产出指标 | C20: 质量指标 | D20: 购置设备利用率 | E20: >= | F20: 100 | G20: % | H20: 100 | I20: 10 | J20: 10 | K20: 无偏差
A21: 效益指标 | C21: 社会效益指标 | D21: 履职能力得到提升 | E21: >= | F21: 90 | G21: % | H21: 90 | I21: 15 | J21: 15 | K21: 无偏差
A22: 效益指标 | C22: 可持续影响指标 | D22: 设备使用年限 | E22: >= | F22: 15 | G22: 年 | H22: 15 | I22: 15 | J22: 15 | K22: 无偏差
A23: 满意度指标 | C23: 服务对象满意度指标 | D23: 使用人员满意度 | E23: >= | F23: 95 | G23: % | H23: 95 | I23: 5 | J23: 5 | K23: 无偏差
A24: 满意度指标 | C24: 服务对象满意度指标 | D24: 社会公众满意度 | E24: >= | F24: 90 | G24: % | H24: 90 | I24: 5 | J24: 5 | K24: 无偏差
A25: 其他需要说明的事项
A26: 总分 | I26: 总分值 | J26: 总得分 | K26: 自评等级
I27: 100 | J27: 100 | K27: 优

Sheet GK15项目支出绩效自评表 (4)
A1: 2025年度项目支出绩效自评表
L2: 公开15表
A3: 项目名称 | C3: 履职能力提升补助经费
A4: 主管部门 | C4: 中国人民政治协商会议云南省新平彝族傣族自治县委员会办公室 | H4: 实施单位 | I4: 中国人民政治协商会议云南省新平彝族傣族自治县委员会办公室
A5: 项目资金 （万元） | D5: 年初预算数 | F5: 全年预算数 | H5: 全年执行数 | I5: 分值 | J5: 执行率 | K5: 得分 | L5: 备注
C6: 年度资金总额 | D6: 0 | F6: 0.94 | H6: 0.94 | I6: 10 | J6: 100 | K6: 10
C7: 其中：财政拨款 | D7: 0 | F7: 0 | H7: 0 | J7: 0
C8: 上年结转资金 | D8: 0 | F8: 0.94 | H8: 0.94 | J8: 100
C9: 非财政拨款 | D9: 0 | F9: 0 | H9: 0 | J9: 0
A10: 年度 总体 目标 | B10: 预期目标 | H10: 实际完成情况
B11: 项目资金的政策目标：中共新平县委《关于加强人民政协协商民主建设的实施意见》新发〔2016〕20号及中共新平县委《关于新时代加强和改进人民政协工作的实施意见》（新发〔2020〕29号）及《玉溪市财政局关于下达新平县政协办公室履职能力提升经费补助的通知》（玉财行〔2023〕49号）和关于安排欠拨新平县政协委员会履职能力提升补助经费的请示（新协办请〔2025〕1号）等文件精神，进一步提高政协委员队伍素质，增强干事创业本领，不断提高建言资政的质量、提升凝聚共识的能力。达资金文件精神。 项目用途：提升履职能力，增强政治把握能力、调查研究能力、联系群众能力、合作共事能力。 项目使用范围：劳务费。 项目预算支出内容的：6个政府购买人员每月增资（2024年12月）3,750.00元和2024年考核奖励5,625.00元。 | H11: 围绕打造一支懂政协、会协商、善议政、守纪律、讲规矩、重品行”的政协队伍， 精心谋划，高位推动,创新将政府购买岗位人员培育成德才兼备新型政协机关的有力抓手,搭建政府购买岗位知情明政、学习的平台。于2025年1月发放政协6位政府购买人员2024年12月增资（每人每月625.00元）3,750.00元和2024年考核奖励5,625.00元。
A13: 项目支出绩效指标表
A14: 绩效指标 | E14: 年度指标值 | H14: 指标完成情况
A15: 一级 指标 | C15: 二级指标 | D15: 三级指标 | E15: 指标性质 | F15: 指标值 | G15: 度量单位 | H15: 实际完成值 | I15: 分值 | J15: 得分 | K15: 偏差原因分析及改进措施
A16: 产出指标 | C16: 数量指标 | D16: 公用经费保障人数 | E16: = | F16: 24 | G16: 人 | H16: 24 | I16: 25 | J16: 25 | K16: 无偏差
A17: 产出指标 | C17: 数量指标 | D17: 政府购买人数 | E17: = | F17: 6 | G17: 人 | H17: 6 | I17: 25 | J17: 25 | K17: 无偏差
A18: 效益指标 | C18: 社会效益指标 | D18: 部门运转 | E18: = | F18: 正常运转 | G18: % | H18: % | I18: 15 | J18: 15 | K18: 无偏差
A19: 效益指标 | C19: 社会效益指标 | D19: 履职能力得到提升 | E19: >= | F19: 得到提升 | G19: % | H19: % | I19: 15 | J19: 15 | K19: 无偏差
A20: 满意度指标 | C20: 服务对象满意度指标 | D20: 社会公众满意度 | E20: >= | F20: 90 | G20: % | H20: 90 | I20: 5 | J20: 5 | K20: 无偏差
A21: 满意度指标 | C21: 服务对象满意度指标 | D21: 单位人员满意度 | E21: >= | F21: 90 | G21: % | H21: 90 | I21: 5 | J21: 5 | K21: 无偏差
A22: 其他需要说明的事项
A23: 总分 | I23: 总分值 | J23: 总得分 | K23: 自评等级
I24: 100 | J24: 100 | K24: 优

Sheet GK15项目支出绩效自评表 (5)
A1: 2025年度项目支出绩效自评表
L2: 公开15表
A3: 项目名称 | C3: 新平县政协“双推”协商工作经费
A4: 主管部门 | C4: 中国人民政治协商会议云南省新平彝族傣族自治县委员会办公室 | H4: 实施单位 | I4: 中国人民政治协商会议云南省新平彝族傣族自治县委员会办公室
A5: 项目资金 （万元） | D5: 年初预算数 | F5: 全年预算数 | H5: 全年执行数 | I5: 分值 | J5: 执行率 | K5: 得分 | L5: 备注
C6: 年度资金总额 | D6: 0 | F6: 1 | H6: 1 | I6: 10 | J6: 100 | K6: 10
C7: 其中：财政拨款 | D7: 0 | F7: 0 | H7: 0 | J7: 0
C8: 上年结转资金 | D8: 0 | F8: 1 | H8: 1 | J8: 100
C9: 非财政拨款 | D9: 0 | F9: 0 | H9: 0 | J9: 0
A10: 年度 总体 目标 | B10: 预期目标 | H10: 实际完成情况
B11: 项目资金的政策目标：《玉溪市财政局关于下达新平县政协“双推”协商工作业务经费的通知》（玉财行〔2024〕156号）、《玉溪市财政局关于下达2024年中央支持地方公共文化服务体系建设补助资金预算的通知》（玉财教〔2024〕153号）。 项目用途：提升履职能力，增强政治把握能力、调查研究能力、联系群众能力、合作共事能力及助力铸牢中华民族共同体意识成果，做好成果展示及推进会相关组织工作。 项目使用范围：办公工作经费。 项目预算支出内容的：完善履职实践中心功能室建设及书香政协氛围营造556,36.10元；“双推”活动书籍费28,000.00元；履职纪实宣传片20,000.00元；“双推”协商活动资料打印费6,363.90元。 | H11: 完成社情民意纪实短片摄制。
A13: 项目支出绩效指标表
A14: 绩效指标 | E14: 年度指标值 | H14: 指标完成情况
A15: 一级 指标 | C15: 二级指标 | D15: 三级指标 | E15: 指标性质 | F15: 指标值 | G15: 度量单位 | H15: 实际完成值 | I15: 分值 | J15: 得分 | K15: 偏差原因分析及改进措施
A16: 产出指标 | C16: 数量指标 | D16: 公用经费保障人数 | E16: = | F16: 25 | G16: 人 | H16: 25 | I16: 10 | J16: 10 | K16: 无偏差
A17: 产出指标 | C17: 数量指标 | D17: 履职实践中心提升改造 | E17: >= | F17: 126.29 | G17: 平方米 | H17: 126.29 | I17: 10 | J17: 10 | K17: 无偏差
A18: 产出指标 | C18: 数量指标 | D18: 履职纪实宣传片 | E18: = | F18: 1.00 | G18: 个 | H18: 1 | I18: 15 | J18: 15 | K18: 无偏差
A19: 产出指标 | C19: 数量指标 | D19: 县政协委员保障人数 | E19: = | F19: 170 | G19: 人 | H19: 170 | I19: 15 | J19: 15 | K19: 无偏差
A20: 效益指标 | C20: 社会效益指标 | D20: 部门运转 | E20: = | F20: 正常运转 | G20: % | H20: 正常运转 | I20: 15 | J20: 15 | K20: 无偏差
A21: 效益指标 | C21: 社会效益指标 | D21: 履职能力得到提升 | E21: >= | F21: 得到提升 | G21: % | H21: 得到提升 | I21: 15 | J21: 15 | K21: 无偏差
A22: 满意度指标 | C22: 服务对象满意度指标 | D22: 社会公众满意度 | E22: >= | F22: 90 | G22: % | H22: 90 | I22: 5 | J22: 5 | K22: 无偏差
A23: 满意度指标 | C23: 服务对象满意度指标 | D23: 单位人员满意度 | E23: >= | F23: 90 | G23: % | H23: 90 | I23: 5 | J23: 5 | K23: 无偏差
A24: 其他需要说明的事项 | D24: 无
A25: 总分 | I25: 总分值 | J25: 总得分 | K25: 自评等级
I26: 100 | J26: 100 | K26: 优

Sheet GK15项目支出绩效自评表 (6)
A1: 2025年度项目支出绩效自评表
L2: 公开15表
A3: 项目名称 | C3: 新平县政协党建工作专项经费
A4: 主管部门 | C4: 中国人民政治协商会议云南省新平彝族傣族自治县委员会办公室 | H4: 实施单位 | I4: 中国人民政治协商会议云南省新平彝族傣族自治县委员会办公室
A5: 项目资金 （万元） | D5: 年初预算数 | F5: 全年预算数 | H5: 全年执行数 | I5: 分值 | J5: 执行率 | K5: 得分 | L5: 备注
C6: 年度资金总额 | D6: 1.71 | F6: 0.94 | H6: 0.94 | I6: 10 | J6: 100 | K6: 10
C7: 其中：财政拨款 | D7: 1.71 | F7: 0.62 | H7: 0.62 | J7: 100
C8: 上年结转资金 | D8: 0 | F8: 0.32 | H8: 0.32 | J8: 100
C9: 非财政拨款 | D9: 0 | F9: 0 | H9: 0 | J9: 0
A10: 年度 总体 目标 | B10: 预期目标 | H10: 实际完成情况
B11: 项目资金的政策目标：新办通〔2020〕10号关于贯彻落实《中共玉溪市委关于加强和改进全市机关党的建设的实施意见》的通知及《中国共产党党和国家机关基层组织工作条例》。 项目用途：加强党员教育管理、丰富组织生活、开展党员集体活动和服务党员。 项目适用范围：党员政治理论、实用技术等培训和管理。 项目预算支出内容的：2025年3-5月开展爱国主义教育基地主题实践教育活动等支出8,000.00元；2025年6月，观看红色经典革命片支出1,280.00万元；2025年12月，订购党报党刊支出4,800.00元；2025年1-12月按月发放退休支部书记和两委生活补助3,120.00元 项目预期效果：增强党员政治站位和政治理论，提高党组织凝集力。 | H11: 2025年共召开党员大会13次，开展主题党日活动12次，组织机关党员赴警示教育基地开展现场教学1次，集中观看廉政警示教育片1次，集体观看抗战胜利日阅兵式1次，开展“书香政协”读书分享会40余场。机关党员干部遵规守纪意识显著增强，无违纪违法情况发生，展现了新时代政协机关干部忠诚干净担当的良好形象。
A13: 项目支出绩效指标表
A14: 绩效指标 | E14: 年度指标值 | H14: 指标完成情况
A15: 一级 指标 | C15: 二级指标 | D15: 三级指标 | E15: 指标性质 | F15: 指标值 | G15: 度量单位 | H15: 实际完成值 | I15: 分值 | J15: 得分 | K15: 偏差原因分析及改进措施
A16: 产出指标 | C16: 数量指标 | D16: 订阅党报党刊数量 | E16: >= | F16: 40 | G16: 份 | H16: 40 | I16: 10 | J16: 10 | K16: 无偏差
A17: 产出指标 | C17: 数量指标 | D17: 组织红色经典革命电影 | E17: >= | F17: 1 | G17: 场 | H17: 1 | I17: 10 | J17: 10 | K17: 无偏差
A18: 产出指标 | C18: 数量指标 | D18: 开展主题实践教育活动人数 | E18: >= | F18: 60 | G18: 人 | H18: 60 | I18: 10 | J18: 10 | K18: 无偏差
A19: 产出指标 | C19: 质量指标 | D19: 教育活动人员到位率 | E19: = | F19: 95 | G19: % | H19: 95 | I19: 10 | J19: 10 | K19: 无偏差
A20: 产出指标 | C20: 时效指标 | D20: 主题实践教育活动时间 | E20: = | F20: 1 | G20: 天 | H20: 1 | I20: 10 | J20: 10 | K20: 无偏差
A21: 效益指标 | C21: 社会效益指标 | D21: 提升党员综合服务能力 | E21: = | F21: 提升 | G21: % | H21: 提升 | I21: 30 | J21: 30 | K21: 无偏差
A22: 满意度指标 | C22: 服务对象满意度指标 | D22: 党组织、党员满意度 | E22: >= | F22: 95 | G22: % | H22: 95 | I22: 10 | J22: 10 | K22: 无偏差
A23: 其他需要说明的事项
A24: 总分 | I24: 总分值 | J24: 总得分 | K24: 自评等级
I25: 100 | J25: 100 | K25: 优

Sheet GK15项目支出绩效自评表 (7)
A1: 2025年度项目支出绩效自评表
L2: 公开15表
A3: 项目名称 | C3: 业务工作保障经费
A4: 主管部门 | C4: 中国人民政治协商会议云南省新平彝族傣族自治县委员会办公室 | H4: 实施单位 | I4: 中国人民政治协商会议云南省新平彝族傣族自治县委员会办公室
A5: 项目资金 （万元） | D5: 年初预算数 | F5: 全年预算数 | H5: 全年执行数 | I5: 分值 | J5: 执行率 | K5: 得分 | L5: 备注
C6: 年度资金总额 | D6: 146 | F6: 54.74 | H6: 54.74 | I6: 10 | J6: 100 | K6: 10
C7: 其中：财政拨款 | D7: 146 | F7: 45.24 | H7: 45.24 | J7: 100
C8: 上年结转资金 | D8: 0 | F8: 9.5 | H8: 9.5 | J8: 100
C9: 非财政拨款 | D9: 0 | F9: 0 | H9: 0 | J9: 0
A10: 年度 总体 目标 | B10: 预期目标 | H10: 实际完成情况
B11: 项目资金的政策目标：中共新平县委《关于加强人民政协协商民主建设的实施意见》新发〔2016〕20号及中共新平县委《关于新时代加强和改进人民政协工作的实施意见》（新发〔2020〕29号）。 项目用途：提升履职能力，增强政治把握能力、调查研究能力、联系群众能力、合作共事能力。 项目使用范围：会议费、培训费、调研工作经费。 项目预算支出内容的：1.调研视察协商会议费按8.75万元/次，共17.50万元。2.外出培训费：47.00万元(其中：培训费550.00元×90人×5天=24.75万元；5.交通费（新平往返昆明)130.00元×90人=1.17万元；机票：2343元/人×90人=21.08万元）。3.文史资料编辑费，包括征集文字、图片稿酬、印刷费等共计18.50万元。4.征稿、审稿会会议费共计1.50万元。5.支持乡村振兴联系村开展民族团结示范创建经费6.00万元。9.开展三大宗教共计18个寺堂（点）走访活动，走访活动经费1.70万元。6.召开宗教界代表人士及少数民族代表座谈会，会议经费每人每天100.00元，会议天数1天，30人参会，共0.30万元。7.用于订阅人民政协报刊杂志170人×900.00元=15.30万元。8.组织委员开展调研视察和学习活动170人×2次×550.00元=18.70万元。9.组织政协委员与各民主党派团体和各族各界人士的团结联谊2次×1.00万元=2.00万元。10.调研视察协商会议费按0.50万元/次×25个界别组=12.50万元。11.委员履职实践中心开展委员活动工作经费5.00万元。 | H11: 紧扣县委、县政府中心工作，围绕产业升级、乡村振兴、民生改善等重点领域精准发力，以高质量履职助推高质量发展。构建“全体会议广泛协商、常委会议重点协商、专题会议对口协商”的多层次协商格局。“十四五”期间，十届县政协召开全体会议4次，组织委员围绕“一府两院”工作报告等核心议题深入协商，提出意见建议380余条，多数转化为政策举措。以铸牢中华民族共同体意识为主线，打造文化赋能品牌。成功举办云南省首届“云岭石榴红”青少年书法大赛，以文化浸润促进民族交融。挂牌成立“铸牢中华民族共同体意识”刀庆喜委员工作室，开展非遗进景区等活动20余场，构建“非遗保护+文旅发展+民族团结”三位一体模式，助力推动非遗“动起来”、文旅“活起来”。为有效凝聚思想合力，夯实共识根基，策划“马缨花开向北京、各族儿女心向党”等“双推”活动56场次，组织委员参与900余人次，带动群众8000余人次，“双推”案例被列为省、市政协典型案例，并在《云南政协报》头版报道。编辑出版《新平地名文化故事》等5辑文史资料。
A13: 项目支出绩效指标表
A14: 绩效指标 | E14: 年度指标值 | H14: 指标完成情况
A15: 一级 指标 | C15: 二级指标 | D15: 三级指标 | E15: 指标性质 | F15: 指标值 | G15: 度量单位 | H15: 实际完成值 | I15: 分值 | J15: 得分 | K15: 偏差原因分析及改进措施
A16: 产出指标 | C16: 数量指标 | D16: 专题协商会议预计召开 | E16: = | F16: 3 | G16: 次 | H16: 3 | I16: 10 | J16: 10 | K16: 无偏差
A17: 产出指标 | C17: 数量指标 | D17: 界别组、乡镇（街道）活动组开展考察调研活动 | E17: >= | F17: 24 | G17: 次 | H17: 24 | I17: 10 | J17: 10 | K17: 无偏差
A18: 产出指标 | C18: 数量指标 | D18: 开展协商课题调研活动 | E18: >= | F18: 3 | G18: 次 | H18: 3 | I18: 10 | J18: 10 | K18: 无偏差
A19: 产出指标 | C19: 数量指标 | D19: 六委一室各开展专题调研活动 | E19: >= | F19: 21 | G19: 次 | H19: 21 | I19: 10 | J19: 10 | K19: 无偏差
A20: 产出指标 | C20: 质量指标 | D20: 参会人员到位率 | E20: = | F20: 90 | G20: % | H20: 90 | I20: 5 | J20: 5 | K20: 无偏差
A21: 产出指标 | C21: 时效指标 | D21: 持续开展政协业务工作时间 | E21: = | F21: 12 | G21: 月 | H21: 12 | I21: 5 | J21: 5 | K21: 无偏差
A22: 效益指标 | C22: 社会效益指标 | D22: 政协委员履职能力 | E22: = | F22: 提高 | G22: % | H22: % | I22: 30 | J22: 30 | K22: 无偏差
A23: 满意度指标 | C23: 服务对象满意度指标 | D23: 履职政协委员满意度 | E23: >= | F23: 90 | G23: % | H23: 90 | I23: 10 | J23: 10 | K23: 无偏差
A24: 其他需要说明的事项
A25: 总分 | I25: 总分值 | J25: 总得分 | K25: 自评等级
I26: 100 | J26: 100 | K26: 优

Sheet GK15项目支出绩效自评表 (8)
A1: 2025年度项目支出绩效自评表
L2: 公开15表
A3: 项目名称 | C3: 机关事业单位职工及军人抚恤补助经费
A4: 主管部门 | C4: 中国人民政治协商会议云南省新平彝族傣族自治县委员会办公室 | H4: 实施单位 | I4: 中国人民政治协商会议云南省新平彝族傣族自治县委员会办公室
A5: 项目资金 （万元） | D5: 年初预算数 | F5: 全年预算数 | H5: 全年执行数 | I5: 分值 | J5: 执行率 | K5: 得分 | L5: 备注
C6: 年度资金总额 | D6: 0.83 | F6: 0.92 | H6: 0.92 | I6: 10 | J6: 100 | K6: 10
C7: 其中：财政拨款 | D7: 0.83 | F7: 0.92 | H7: 0.92 | J7: 100
C8: 上年结转资金 | D8: 0 | F8: 0 | H8: 0 | J8: 0
C9: 非财政拨款 | D9: 0 | F9: 0 | H9: 0 | J9: 0
A10: 年度 总体 目标 | B10: 预期目标 | H10: 实际完成情况
B11: 做好本部门人员、公用经费保障，按规定落实干部职工各项待遇，支持部门正常履职。 | H11: 发放死亡职工刀志荣母亲2025年1-9月遗属补助，共计6342.00元；在职职工高汝海2025年6月死亡母亲2025年7-9月遗属补助，共计2901.00元。
A13: 项目支出绩效指标表
A14: 绩效指标 | E14: 年度指标值 | H14: 指标完成情况
A15: 一级 指标 | C15: 二级指标 | D15: 三级指标 | E15: 指标性质 | F15: 指标值 | G15: 度量单位 | H15: 实际完成值 | I15: 分值 | J15: 得分 | K15: 偏差原因分析及改进措施
A16: 产出指标 | C16: 数量指标 | D16: 工资福利发放行政人数 | E16: = | F16: 23 | G16: 人 | H16: 23 | I16: 25 | J16: 25 | K16: 无偏差
A17: 产出指标 | C17: 数量指标 | D17: 供养离（退）休人员数 | E17: = | F17: 32 | G17: 人 | H17: 32 | I17: 25 | J17: 25 | K17: 无偏差
A18: 效益指标 | C18: 社会效益指标 | D18: 部门运转 | E18: = | F18: 正常运转 | G18: % | H18: 部门正常运转 | I18: 30 | J18: 30 | K18: 无偏差
A19: 满意度指标 | C19: 服务对象满意度指标 | D19: 单位人员满意度 | E19: >= | F19: 90 | G19: % | H19: 90 | I19: 5 | J19: 5 | K19: 无偏差
A20: 满意度指标 | C20: 服务对象满意度指标 | D20: 社会公众满意度 | E20: >= | F20: 90 | G20: % | H20: 90 | I20: 5 | J20: 5 | K20: 无偏差
A21: 其他需要说明的事项 | D21: 无
A22: 总分 | I22: 总分值 | J22: 总得分 | K22: 自评等级
I23: 100 | J23: 100 | K23: 优
